 Dungeon Crawl Stone Soup version 0.25.0-26-g0c896c7088 (webtiles) character file.

Game seed: 4231751601237594441

8919 grindst0ne the Fighter (level 11, 0/89 HPs)
             Began as a Human Chaos Knight on July 1, 2020.
             Was a Plaything of Xom.
             Succumbed to a spiny frog's poison
             ... on level 1 of the Lair of Beasts.
             The game lasted 00:30:22 (11991 turns).

grindst0ne the Fighter (Human Chaos Knight)        Turns: 11991, Time: 00:30:23

Health: 0/89       AC: 21    Str: 15    XL:     11   Next: 64%
Magic:  6/14       EV: 10    Int: 12    God:    Xom [....*.]
Gold:   640        SH:  5    Dex: 12    Spells: 10/10 levels left

rFire    . . .     SeeInvis .   a - staff of poison
rCold    . . .     Gourm    .   k - +0 buckler
rNeg     . . .     Faith    .   s - +0 chain mail
rPois    +         Spirit   +   x - +2 helmet
rElec    .         Reflect  .   f - +0 cloak
rCorr    .         Harm     .   q - +0 pair of gloves
MR       .....     Rnd*Rage +   u - +0 pair of boots
Stlth    ..........             h - amulet of guardian spirit
HPRegen  0.24/turn              F - +4 ring of slaying
MPRegen  0.14/turn              (no ring)

@: lethally poisoned (0 -> -3)
A: rugged brown scales 1, yellow scales 1, berserk 1, blurry vision 1, dopey 1,
screaming 1
a: Renounce Religion


You were on level 1 of the Lair of Beasts.
You worshipped Xom.
You were a beloved toy of Xom.
You were very hungry.

You visited 2 branches of the dungeon, and saw 12 of its levels.
You also visited: Sewer.

You collected 640 gold pieces.

Inventory:

Hand Weapons
 w - a +1 whip of flaming
 z - a +0 war axe
Missiles
 i - 33 poisoned darts (quivered)
Armour
 f - a +0 cloak (worn)
 k - a +0 buckler (worn)
 q - a +0 pair of gloves (worn)
 s - a +0 chain mail (worn)
 u - a +0 pair of boots (worn)
 x - a +2 helmet (worn)
 D - a +0 plate armour
Magical Staves
 a - an uncursed staff of poison (weapon)
Jewellery
 b - an uncursed ring of ice
 h - an amulet of guardian spirit (around neck)
 E - an uncursed amulet of the acrobat {unknown}
 F - a +4 ring of slaying (left hand)
Wands
 l - a wand of polymorph (5)
 o - a wand of random effects (29)
Scrolls
 d - 8 scrolls of remove curse
 g - a scroll of identify
 j - 5 scrolls of blinking
 m - 5 scrolls of teleportation
 n - 2 scrolls of enchant armour
 p - 3 scrolls of fog
 r - a scroll of amnesia
 y - 2 scrolls of enchant weapon
 C - 3 scrolls of immolation
Potions
 e - 3 potions of magic
 v - a potion of stabbing
 A - a potion of flight
Comestibles
 c - 16 rations


   Skills:
 + Level 8.6 Fighting
 + Level 8.6 Axes
 + Level 8.3 Armour
 + Level 8.2 Dodging
 - Level 4.0 Shields
 - Level 5.0 Evocations


You had 10 spell levels left.
You didn't know any spells.
Your spell library contained the following spells:

 Spells                   Type           Power        Failure   Level  Hunger
 Shock                    Conj/Air       #...         99%         1    ##.....
 Poisonous Vapours        Pois/Air       #.....       100%        2    ###....
 Swiftness                Chrm/Air       #.......     100%        2    ###....
 Conjure Flame            Conj/Fire      #.......     100%        3    ####...
 Mephitic Cloud           Conj/Pois/Air  #.......     100%        3    ####...
 Static Discharge         Conj/Air       #.......     100%        3    ####...
 Airstrike                Air            #.........   100%        4    #####..
 Bolt of Magma            Conj/Fire/Erth #.........   100%        5    ######.
 Iskenderun's Battlesphe  Conj/Chrm      #.......     100%        5    ######.
 Lightning Bolt           Conj/Air       #.........   100%        5    ######.
 Freezing Cloud           Conj/Ice/Air   #.........   100%        6    #######
 Iron Shot                Conj/Erth      #.........   100%        6    #######
 Orb of Destruction       Conj           #.........   100%        7    #######
 Ring of Flames           Chrm/Fire      #.........   100%        7    #######
 Spellforged Servitor     Conj/Summ      #.........   100%        7    #######


Dungeon Overview and Level Annotations

Branches:
Dungeon (11/15)            Temple (0/1) D:5            Lair (1/6) D:9
    Orc (0/2) D:10          Sewer (visited)

Altars:
Ashenzari
Kikubaaqudgha
Nemelex Xobeh
Qazlal
Uskayaw
Vehumet
Wu Jian
Xom
Yredelemnul
The Shining One

Shops:
D:10 ([

Annotations:
D:5 exclusion: downstairs


Innate Abilities, Weirdness & Mutations

You are partially covered in rugged brown scales. (AC +1, +3% HP)
You are partially covered in yellow scales. (AC +2)
You tend to lose your temper in combat.
Scrolls take you a little longer to read.
You are dopey. (Int -2)
You occasionally shout uncontrollably at your foes.


Message History

You feel sick.
a - an uncursed staff of poison (weapon)
Evoke which item? (* to show all) (? for menu, Esc to quit)
Okay, then.
Okay, then.
Okay, then.
* * * LOW HITPOINT WARNING * * *
You feel sick.
* * * LOW HITPOINT WARNING * * *
You feel sick.
* * * LOW HITPOINT WARNING * * *
You feel sick.
* * * LOW HITPOINT WARNING * * *
You feel sick.
* * * LOW HITPOINT WARNING * * *
You feel sick.
* * * LOW HITPOINT WARNING * * *
You feel sick.
You die...
Xom guffaws!

#....P≈≈≈≈≈..
###.....≈≈≈≈≈.≈#####+#
........≈≈≈≈≈P..≈≈≈≈.#
.###.#####≈≈≈≈.#≈≈.≈.#
## #.# ≈≈.≈≈≈≈≈#.## #
##.# .≈#≈≈≈≈.≈≈.#
.##).+ ..........≈+
.....# #≈≈≈≈≈..≈####
#..#.# #≈≈≈≈≈≈@P≈..#
#.#..#####≈≈≈≈≈≈≈P.P.#
#..........≈≈≈≈≈≈≈≈P.#
............≈≈≈≈≈≈≈≈P##
##...........≈≈≈≈≈≈≈≈≈#
##...####....≈≈≈≈≈≈≈≈#
#..## #......≈≈≈≈≈≈#
P..# ###....P.≈≈≈≈#
#>## #.P......P##


There were no monsters in sight!

Vanquished Creatures
  2 two-headed ogres
  Pikel (D:4)
  A black mamba (Lair:1)
  Joseph (D:10)
  A spiny frog (Lair:1)
  A centaur skeleton (D:9)
  2 trolls
  Prince Ribbit (D:5)
  A hippogriff (D:9)
  Sigmund (D:2)
  5 yaks (D:9)
  A hungry ghost (D:10)
  3 water moccasins
  A porcupine (Lair:1)
  3 sky beasts
  2 ice beasts
  5 orc warriors
  3 ogres
  3 centaurs
  2 big kobolds
  Blork the orc (D:6)
  4 bullfrogs
  A wyvern zombie (D:6)
  A wyvern skeleton (D:10)
  9 killer bees
  3 howler monkeys
  3 crimson imps
  A centaur zombie (D:8)
  2 jellies
  An orc priest (D:6)
  10 hounds
  A bullfrog skeleton (D:4)
  3 iguanas
  3 orc wizards
  4 worker ants
  A killer bee zombie (D:9)
  2 hound zombies
  A hound skeleton (D:6)
  4 gnolls (D:9)
  12 adders
  4 river rats (D:3)
  2 shadow imps
  6 oozes
  9 worms
  A dart slug (D:1)
  A leopard gecko (D:7)
  29 orcs
  8 giant cockroaches
  5 goblins
  A hobgoblin (D:1)
  10 jackals
  18 kobolds
  2 quokkas
  5 ball pythons
  3 bats
  3 frilled lizards
  A leopard gecko skeleton (D:4)
  A quokka skeleton (D:4)
  10 rats
226 creatures vanquished.

Vanquished Creatures (collateral kills)
  An orc wizard (D:6)
  A hobgoblin (D:1)
  A leopard gecko skeleton (D:6)
3 creatures vanquished.

Vanquished Creatures (others)
  A worm (D:4)
  A quokka (D:6)
  A fungus (Lair:1)
  A plant (Lair:1)
4 creatures vanquished.

Grand Total: 233 creatures vanquished

Notes
Turn   | Place    | Note
-------+----------+-------------------------------------------
     0 | D:1      | grindst0ne the Human Chaos Knight began the quest for the
                  | Orb.
     0 | D:1      | Reached XP level 1. HP: 18/18 MP: 1/1
   391 | D:1      | Reached XP level 2. HP: 24/24 MP: 2/2
   710 | D:1      | Reached XP level 3. HP: 29/29 MP: 1/3
   958 | D:2      | Noticed Sigmund
   968 | D:2      | XOM: potion effect (might)
   971 | D:2      | Killed Sigmund
   971 | D:2      | Reached skill level 1 in Shields
   971 | D:2      | Reached XP level 4. HP: 27/37 MP: 2/4
   971 | D:2      | Reached XP level 5. HP: 31/42 MP: 2/5
  1169 | D:2      | XOM: silly message
  1176 | D:2      | Reached XP level 6. HP: 48/48 MP: 6/6
  1335 | D:2      | XOM: chaos cloud
  1373 | D:2      | XOM: give mutations
  1373 | D:2      | Gained mutation: Potions are less effective at restoring
                  | your health. [Xom's mischief]
  1373 | D:2      | Gained mutation: You occasionally shout uncontrollably at
                  | your foes. [Xom's mischief]
  1373 | D:2      | Lost mutation: Potions are less effective at restoring your
                  | health. [Xom's mischief]
  1373 | D:2      | Gained mutation: You are dopey. (Int -2) [Xom's mischief]
  1497 | D:2      | Found a shattered altar of Ashenzari.
  1612 | D:2      | XOM: give mutations
  1612 | D:2      | Gained mutation: Your magical capacity is low. (-10% MP)
                  | [Xom's mischief]
  1612 | D:2      | Gained mutation: You sometimes yell uncontrollably at your
                  | foes. [Xom's mischief]
  1612 | D:2      | Lost mutation: You are dopey. (Int -2) [Xom's mischief]
  1612 | D:2      | Gained mutation: You are frail. (-10% HP) [Xom's mischief]
  1779 | D:3      | XOM: noise
  1837 | D:3      | XOM: polymorph rat -> river rat
  1859 | D:3      | XOM: blink monster(s)
  1991 | D:3      | XOM: 2-stop teleportation journey
  1995 | D:3      | XOM: give mutation
  1995 | D:3      | Gained mutation: You are weak. (Str -2) [Xom's mischief]
  2042 | D:3      | XOM: confusion
  2119 | D:3      | Found a glowing drain.
  2127 | Sewer    | Entered a sewer
  2132 | Sewer    | XOM: confusion (+ monsters)
  2136 | Sewer    | XOM: give mutation
  2136 | Sewer    | Gained mutation: Armour fits poorly on your strangely
                  | shaped body. [Xom's mischief]
  2485 | Sewer    | XOM: smoke on damage
  2560 | Sewer    | XOM: 4-stop teleportation journey
  2834 | Sewer    | Reached XP level 7. HP: 43/48 MP: 4/6
  2977 | Sewer    | XOM: give mutations
  2977 | Sewer    | Gained mutation: You are partially covered in rugged brown
                  | scales. (AC +1, +3% HP) [Xom's mischief]
  2977 | Sewer    | Gained mutation: You are agile. (Dex +2) [Xom's mischief]
  2977 | Sewer    | Lost mutation: You are frail. (-10% HP) [Xom's mischief]
  3309 | D:3      | XOM: summons 4 hostile demons
  3378 | D:3      | XOM: 3-stop teleportation journey
  3963 | D:4      | Noticed Pikel
  3973 | D:4      | XOM: swap monsters
  3987 | D:4      | XOM: noise
  4001 | D:4      | XOM: noise
  4028 | D:4      | XOM: give mutation
  4028 | D:4      | Gained mutation: You tend to lose your temper in combat.
                  | [Xom's mischief]
  4565 | D:4      | Found a radiant altar of Vehumet.
  4568 | D:4      | Found an ornate altar of the Wu Jian Council.
  4571 | D:4      | Found a hide-covered altar of Uskayaw.
  4599 | D:4      | XOM: 5-stop teleportation journey
  4607 | D:4      | XOM: enchant monster (good)
  4614 | D:4      | Killed Pikel
  4614 | D:4      | Reached skill level 5 in Fighting
  4614 | D:4      | Reached skill level 5 in Axes
  4614 | D:4      | Reached XP level 8. HP: 63/63 MP: 7/7
  4672 | D:4      | Found a sparkling altar of Nemelex Xobeh.
  4673 | D:4      | Found a stormy altar of Qazlal.
  5018 | D:4      | XOM: 1-stop teleportation journey
  5245 | D:5      | Entered Level 5 of the Dungeon
  5245 | D:5      | Found a staircase to the Ecumenical Temple.
  5430 | D:5      | XOM: 3-stop teleportation journey
  5431 | D:5      | Noticed Prince Ribbit
  5434 | D:5      | Lost mutation: You sometimes yell uncontrollably at your
                  | foes. [potion of mutation]
  5434 | D:5      | Lost mutation: You are agile. (Dex +2) [potion of mutation]
  5434 | D:5      | Lost mutation: Your magical capacity is low. (-10% MP)
                  | [potion of mutation]
  5434 | D:5      | Lost mutation: Armour fits poorly on your strangely shaped
                  | body. [potion of mutation]
  5434 | D:5      | Gained mutation: You evolve. [potion of mutation]
  5434 | D:5      | Lost mutation: You are weak. (Str -2) [potion of mutation]
  5434 | D:5      | Gained mutation: You are partially covered in yellow
                  | scales. (AC +2) [potion of mutation]
  5530 | D:5      | Killed Prince Ribbit
  5697 | D:6      | Reached skill level 5 in Armour
  5697 | D:6      | Reached XP level 9. HP: 36/70 MP: 3/9
  5825 | D:6      | XOM: 4-stop teleportation journey
  5960 | D:6      | Reached skill level 5 in Dodging
  5986 | D:6      | XOM: god gift: 19 gold pieces
  6108 | D:6      | Noticed Blork the orc
  6129 | D:6      | Killed Blork the orc
  6165 | D:6      | XOM: summons 4 friendly demons
  6229 | D:6      | XOM: god gift: 26 stones
  6590 | D:6      | Found a basalt altar of Yredelemnul.
  6613 | D:6      | Noticed a profane servitor
  6631 | D:6      | Found a glowing golden altar of the Shining One.
  6633 | D:6      | Noticed an angel
  6683 | D:6      | XOM: summons 4 hostile shadow creatures
  7117 | D:7      | Reached skill level 1 in Evocations
  7415 | D:7      | XOM: 2-stop teleportation journey
  7421 | D:7      | XOM: enchant monster (bad)
  7442 | D:7      | XOM: enchant monster (bad)
  7763 | D:7      | Identified a scroll of acquirement
  7796 | D:7      | Paralysed by an orc for 2 turns
  7952 | D:8      | Reached XP level 10. HP: 72/79 MP: 9/11
  8038 | D:8      | XOM: divination: detect items
  8045 | D:8      | XOM: potion effect (berserk rage)
  8229 | D:8      | XOM: polymorph orc warrior -> ice beast
  8265 | D:8      | XOM: 7-stop teleportation journey
  8387 | D:8      | XOM: swap monsters
  8541 | D:8      | XOM: give mutations
  8541 | D:8      | Lost mutation: You evolve. [Xom's mischief]
  8541 | D:8      | Gained mutation: Scrolls take you a little longer to read.
                  | [Xom's mischief]
  8541 | D:8      | Gained mutation: You are dopey. (Int -2) [Xom's mischief]
  8612 | D:8      | XOM: divination: detect items
  8848 | D:9      | Found an ancient bone altar of Kikubaaqudgha.
  8872 | D:9      | Found a staircase to the Lair.
  9166 | D:9      | XOM: silly message
  9227 | D:9      | XOM: silly message
  9290 | D:9      | XOM: silly message
  9311 | D:9      | XOM: potion effect (stabbing)
  9829 | D:9      | XOM: divination: magic mapping
  9868 | D:10     | Entered Level 10 of the Dungeon
  9945 | D:9      | XOM: god gift: scroll of noise
  9995 | D:9      | XOM: scenery: 1 doors open, 1 doors close
 10270 | D:9      | XOM: enchant monster (good)
 10284 | D:9      | Reached XP level 11. HP: 58/88 MP: 9/14
 10482 | D:10     | XOM: god gift: wand of iceblast (4)
 10553 | D:10     | Noticed a two-headed ogre
 10564 | D:10     | Killed a two-headed ogre
 10564 | D:10     | Reached skill level 5 in Evocations
 10566 | D:10     | Noticed Joseph
 10573 | D:10     | XOM: cast spell 'Metabolic Englaciation'
 10577 | D:10     | Killed Joseph
 10589 | D:10     | XOM: confusion (+ monsters)
 10594 | D:10     | XOM: scenery: create altars
 10781 | D:10     | Found Fylashov's Armour Shoppe.
 10781 | D:10     | Found a staircase to the Orcish Mines.
 10781 | D:10     | Found Sesut's Weapon Shoppe.
 10846 | D:10     | XOM: divination: detect creatures
 10948 | D:10     | XOM: cloud trail
 11266 | D:11     | Noticed a two-headed ogre
 11281 | D:11     | Killed a two-headed ogre
 11298 | D:11     | Noticed a green ugly thing
 11345 | Lair:1   | Entered Level 1 of the Lair of Beasts
 11381 | Lair:1   | XOM: divination: magic mapping
 11382 | Lair:1   | XOM: divination: detect creatures
 11722 | Lair:1   | Found the +3 sling "Punk" {acid, rCorr}
 11765 | Lair:1   | XOM: potion effect (invisibility)
 11767 | Lair:1   | XOM: cleaving
 11950 | Lair:1   | XOM: summons friendly quasit
 11953 | Lair:1   | XOM: god gift: ration
 11964 | Lair:1   | XOM: smoke on damage
 11965 | Lair:1   | XOM: confuse monster(s)
 11967 | Lair:1   | XOM: polymorph black mamba -> black bear
 11969 | Lair:1   | XOM: scenery: create altars
 11985 | Lair:1   | HP: 4/89 [poisoned by a spiny frog]
 11989 | Lair:1   | HP: 1/89 [poisoned by a spiny frog]
 11991 | Lair:1   | Succumbed to a spiny frog's poison

Illustrated notes

Levels and vault maps discovered:
D:1:      giann_horns, layout_loops_ring, minmay_crystal_water,
          minmay_misc_feat_x
D:2:      layout_loops_ring, minmay_misc_feat_doors,
          nicolae_ashenzari_panopticon, uniq_sigmund
D:3:      layout_rooms, lightli_sewer_entry_pipes
D:4:      layout_loops_corners, grunt_temple_overflow_diamond,
          chequers_temple_overflow_statue_of_worship, first_ration, uniq_pikel
D:5:      layout_rooms, minmay_temple_entry_overgrown, uniq_prince_ribbit1
D:6:      layout_loops_ring, grunt_temple_overflow_holy_war, uniq_blork_the_orc
D:7:      layout_rooms
D:8:      layout_rooms, serial_glass, glass_columns_a, glass_columns_c
D:9:      layout_gridville, lair_entry_dummy, basic_altar
D:10:     layout_cave_pools, orc_david_3, minmay_statues_item,
          kennysheep_nondescript, uniq_joseph
D:11:     lemuel_ogre_cave, layout_loops_ring, special_room [special_room_orc],
          minmay_misc_feat_cross, uniq_grum
Lair:1:   cheibrodos_lair_river_kwai, layout_loops_ring, special_room
          [special_room_bee]

Skill      XL: |  1  2  3  4  5  6  7  8  9 10 11 |
---------------+----------------------------------+-----
Armour         | 3 4 5 6 7 8 |  8.3
Dodging        | 2 4 6 7 8 |  8.2
Shields        | 1 2 3 4 |  4.0
Fighting       | 4 5 6 7 8 |  8.6
Axes           | 4 5 6 7 8 |  8.6
Evocations     | 2 4 5 |  5.0

Action                   |  1- 3 |  4- 6 |  7- 9 | 10-12 || total
-------------------------+-------+-------+-------+-------++-------
Melee: Hand axe          |    71 |   183 |   310 |       ||   564
       War axe           |       |       |   153 |   360 ||   513
Throw: Dart              |     7 |     4 |     2 |       ||    13
       Throwing net      |       |       |       |     1 ||     1
Evoke: Wand              |       |     4 |     6 |    12 ||    22
  Use: Potion            |     1 |     5 |     8 |     5 ||    19
       Scroll            |       |     1 |    10 |     6 ||    17
 Stab: Petrified         |       |     4 |       |       ||     4
       Paralysed         |       |     2 |     3 |     9 ||    14
       Sleeping          |       |     1 |       |       ||     1
       Confused          |       |       |     1 |       ||     1
       Invisible         |       |       |       |     1 ||     1
  Eat: Chunk             |       |     5 |    15 |    12 ||    32
       Ration            |       |     1 |       |     1 ||     2
Armor: Leather armour    |    18 |       |       |       ||    18
       Scale mail        |    31 |    63 |    79 |       ||   173
       Skin              |       |     3 |       |       ||     3
       Chain mail        |       |       |   184 |   207 ||   391
Dodge: Dodged            |    38 |    77 |   221 |   187 ||   523
Block: Buckler           |       |       |    70 |    89 ||   159
